[Event "Titled Tuesday Blitz May 30 Late 2023"]
[White "Aggelis, Nikolaos"]
[Black "zsizsi99"]
[WhiteFideId "4213220"]
[WhiteElo "2189"]
[BlackElo "2361"]
[Result "0-1"]
[Round "04"]
[TimeControl "180+2"]
[Date "2023.05.31"]
[WhiteClock "0:00:57"]
[BlackClock "0:00:16"]

1. c4 Nf6 2. g3 a6 3. Bg2 e6 4. Nc3 Be7 5. b3 O-O 6. Bb2 c5 7. Nf3 d5 8. cxd5 exd5 9. d4 Nc6 10. dxc5 Bxc5 11. O-O Re8 12. a3 Bg4 13. b4 Ba7 14. h3 Bh5 15. Rc1 Qd7 16. Na4 Bxf3 17. exf3 d4 18. Nc5 Bxc5 19. Rxc5 Rad8 20. f4 Ne4 21. Bxe4 Rxe4 22. Qd3 Re6 23. Kg2 Qe7 24. Rc2 h6 25. Rd1 Qd6 26. Rdd2 Qd5+ 27. Qf3 a5 28. Rc5 Qxf3+ 29. Kxf3 axb4 30. axb4 Nxb4 31. Rxd4 Rxd4 32. Bxd4 Nc6 33. Be3 Re8 34. Rb5 Re7 35. Rb6 f5 36. Bc5 Rd7 37. g4 g6 38. g5 h5 39. h4 Kf7 40. Ke2 Ke6 41. Rb1 Rd5 42. Be3 b5 43. Rc1 Kd6 44. Ra1 b4 45. Ra6 Rb5 46. Bc1 Kd5 47. Bb2 b3 48. Kd3 Nb4+ 49. Kc3 Nxa6 0-1


[Site "https://www.chess.com"]

[Event "Titled Tuesday Blitz May 30 Late 2023"]
[White "Koc, Przemyslaw"]
[Black "Shapiro, Daniel"]
[WhiteFideId "1109081"]
[BlackFideId "2001780"]
[WhiteElo "2161"]
[BlackElo "2352"]
[Result "1-0"]
[Round "04"]
[TimeControl "180+2"]
[Date "2023.05.31"]
[WhiteClock "0:01:57"]
[BlackClock "0:00:18"]

1. Nf3 Nf6 2. g3 d5 3. Bg2 e6 4. O-O Be7 5. d3 b6 6. Nbd2 Bb7 7. Re1 c5 8. e4 Nc6 9. c3 h6 10. Qe2 Qc7 11. exd5 Nxd5 12. a4 O-O 13. Nc4 Rad8 14. h4 Rfe8 15. h5 Bf6 16. Bd2 e5 17. Rad1 Rd7 18. Bc1 Rde7 19. Nfd2 Rd8 20. Ne4 Red7 21. Ne3 Nxe3 22. Nxf6+ gxf6 23. Bxe3 Kh7 24. Be4+ Kh8 25. Bxh6 Ne7 26. Qf3 Bxe4 27. Qxf6+ 1-0


[Site "https://www.chess.com"]

[Event "Titled Tuesday Blitz May 30 Late 2023"]
[White "Kubicka, Anna"]
[Black "Souza, Adwilhans Luciano"]
[WhiteFideId "1152254"]
[BlackFideId "2101793"]
[WhiteElo "2144"]
[BlackElo "2288"]
[Result "0-1"]
[Round "04"]
[TimeControl "180+2"]
[Date "2023.05.31"]
[WhiteClock "0:00:32"]
[BlackClock "0:02:36"]

1. e4 e5 2. Nf3 Nc6 3. Bb5 f5 4. Nc3 fxe4 5. Nxe4 d5 6. Nxe5 dxe4 7. Qh5+ g6 8. Nxg6 hxg6 9. Qxh8 Qf6 10. Qxg8 Be6 11. Bxc6+ bxc6 12. Qh7 O-O-O 13. g3 Bc5 14. d4 Bxd4 15. O-O Rh8 16. Qxh8+ Qxh8 17. c3 Bb6 18. Be3 Bh3 19. Bxb6 Bxf1 0-1


[Site "https://www.chess.com"]

[Event "Titled Tuesday Blitz May 30 Late 2023"]
[White "Rottenwohrer Suarez, Juan"]
[Black "Magallanes, Rey Jomar"]
[WhiteFideId "32068182"]
[BlackFideId "5205948"]
[WhiteElo "2174"]
[BlackElo "2255"]
[Result "1/2-1/2"]
[Round "04"]
[TimeControl "180+2"]
[Date "2023.05.31"]
[WhiteClock "0:00:11"]
[BlackClock "0:01:23"]

1. d4 d5 2. c4 e6 3. Nc3 Nf6 4. cxd5 exd5 5. Bg5 c6 6. Qc2 Be7 7. e3 Nbd7 8. Bd3 O-O 9. Nge2 Re8 10. O-O Nf8 11. Rab1 g6 12. b4 Ne6 13. Bh4 b5 14. Rfd1 a5 15. bxa5 Qxa5 16. Bxf6 Bxf6 17. Rdc1 Bd7 18. Qb3 Reb8 19. Rc2 Be7 20. h3 b4 21. Nd1 c5 22. Qxd5 Ba4 23. Rcb2 cxd4 24. Qxa5 Rxa5 25. Nxd4 Nxd4 26. exd4 Rd5 27. Ne3 Rxd4 28. Bc2 Bc6 29. Bb3 Bf6 30. Re2 Be4 31. Rd1 Rbd8 32. Rxd4 Bxd4 33. Rd2 Bf6 34. Rxd8+ Bxd8 35. Nd5 Bxd5 36. Bxd5 Kf8 37. Bb3 Ke7 38. g4 f6 39. Kg2 g5 40. f3 h6 41. Kf2 Kd6 42. Ke2 Ke5 43. Kd3 Kf4 44. Bd5 Kg3 45. Be4 Kxh3 46. Bf5 Kg3 47. Ke4 Bc7 48. Be6 Kh4 49. Bf7 Bd6 50. Bg6 Be5 51. Bf7 Kg3 52. Bg6 Kf2 53. Bf7 Ke2 54. Bg6 Kd2 55. Bf7 Kc2 56. Bb3+ Kc3 57. Bd5 Kd2 58. Bb3 Ke2 59. Bd5 Kf2 60. Bb3 Kg3 61. Bf7 Kh4 62. Bg6 Kg3 63. Bf7 1/2-1/2


[Site "https://www.chess.com"]

[Event "Titled Tuesday Blitz May 30 Late 2023"]
[White "Botez, Alexandra"]
[Black "Vovk, Orest"]
[WhiteFideId "2603365"]
[BlackFideId "14113490"]
[WhiteElo "2040"]
[BlackElo "2215"]
[Result "0-1"]
[Round "04"]
[TimeControl "180+2"]
[Date "2023.05.31"]
[WhiteClock "0:00:07"]
[BlackClock "0:00:11"]

1. d4 h6 2. c4 g5 3. Nc3 Bg7 4. e4 c5 5. d5 Bxc3+ 6. bxc3 d6 7. h3 Qa5 8. Qc2 Nf6 9. Bd3 Nbd7 10. Nf3 Rg8 11. Bd2 Nh5 12. g3 Ng7 13. O-O f6 14. Kg2 Ne5 15. Nxe5 fxe5 16. Rab1 Qc7 17. Rb2 Nh5 18. Be2 Nf4+ 19. gxf4 gxf4+ 20. Kh2 Qd7 21. Qd3 Rg3 22. Bg4 Rxd3 23. Bxd7+ Bxd7 24. f3 b6 25. Kg2 Bc8 26. Kf2 Ba6 27. Rg1 Kf7 28. Rc2 Bxc4 29. Bc1 Rg8 30. Rxg8 Kxg8 31. Bd2 b5 32. a3 Bb3 33. Rb2 Bd1 34. Rxb5 Rxd2+ 35. Ke1 Rd3 36. Rb7 Kf7 37. Rxa7 Bxf3 38. a4 Bxe4 39. a5 Rxc3 40. Kd2 Rxh3 41. Kc1 Bxd5 42. a6 Ra3 43. Kb2 Ra2+ 44. Kc3 f3 0-1


[Site "https://www.chess.com"]

[Event "Titled Tuesday Blitz May 30 Late 2023"]
[White "Sailer, Mike"]
[Black "Ponce Cano, Adrian"]
[WhiteFideId "2012901"]
[BlackFideId "22296913"]
[WhiteElo "2109"]
[BlackElo "2211"]
[Result "1-0"]
[Round "04"]
[TimeControl "180+2"]
[Date "2023.05.31"]
[WhiteClock "0:00:59"]
[BlackClock "0:01:55"]

1. d4 d5 2. Bg5 h6 3. Bh4 c5 4. dxc5 Nc6 5. Nc3 d4 6. Ne4 Bf5 7. Nd6+ Kd7 8. Nxf5 Qa5+ 9. c3 e5 10. b4 Qa3 11. Qb3 Qxb3 12. axb3 g6 13. Nd6 dxc3 14. e3 Nxb4 15. Bb5+ Kc7 16. Ne2 Nc2+ 17. Kf1 Nxa1 18. Nxc3 Bxd6 19. Nd5+ Kb8 20. cxd6 a6 21. d7 Ka7 22. d8=Q Rxd8 23. Bxd8 axb5 24. b4 h5 25. Ke2 Nc2 26. Rc1 Nh6 27. Bb6+ Kb8 28. Rxc2 Nf5 29. Bc7+ Kc8 30. Bxe5+ Kd7 31. Bxh8 1-0


[Site "https://www.chess.com"]

[Event "Titled Tuesday Blitz May 30 Late 2023"]
[White "Torres Dominguez, David"]
[Black "Kaplan, Avi Harrison"]
[WhiteFideId "2220857"]
[BlackFideId "30934559"]
[WhiteElo "1999"]
[BlackElo "1983"]
[Result "0-1"]
[Round "04"]
[TimeControl "180+2"]
[Date "2023.05.31"]
[WhiteClock "0:00:01"]
[BlackClock "0:00:06"]

1. e4 d6 2. Nc3 c5 3. Nf3 Nf6 4. d4 cxd4 5. Nxd4 g6 6. Be3 Bg7 7. f3 O-O 8. Qd2 e6 9. O-O-O a6 10. Kb1 d5 11. e5 Nfd7 12. f4 Nc6 13. h4 Nxd4 14. Bxd4 b5 15. h5 Nb6 16. hxg6 hxg6 17. g4 Re8 18. Qh2 Nd7 19. Qh7+ Kf8 20. f5 exf5 21. gxf5 Rxe5 22. fxg6 Nf6 23. Bc5+ Re7 24. Bh3 Nxh7 25. gxh7 Qc7 26. Bxe7+ Kxe7 27. Nxd5+ Kd6 28. Nxc7+ Kxc7 29. Rdg1 Be5 30. Rg8 Bb7 31. Re1 Bf6 32. Rf1 Be5 33. Rxf7+ Kb6 34. Rxb7+ Kxb7 35. Bg2+ Kb6 0-1


[Site "https://www.chess.com"]

[Event "Titled Tuesday Blitz May 30 Late 2023"]
[White "Baidetskyi, Valentin"]
[Black "Mickiewicz, Piotr"]
[WhiteFideId "14142317"]
[BlackFideId "1114891"]
[WhiteElo "2490"]
[BlackElo "2246"]
[Result "1-0"]
[Round "04"]
[TimeControl "180+2"]
[Date "2023.05.31"]
[WhiteClock "0:00:31"]
[BlackClock "0:01:01"]

1. e4 c5 2. Nf3 e6 3. d4 cxd4 4. Nxd4 Nf6 5. Nc3 d6 6. Bd3 a6 7. f4 b5 8. a3 Nbd7 9. Qe2 Qc7 10. g4 Nb6 11. g5 Nfd7 12. h4 e5 13. Nb3 Nc4 14. Nd5 Qb8 15. Bxc4 bxc4 16. Qxc4 Bb7 17. Nc7+ Kd8 18. Nxa8 Qxa8 19. Bd2 Bxe4 20. Qxf7 Bxh1 21. Ba5+ Kc8 22. Qe8+ 1-0


[Site "https://www.chess.com"]

[Event "Titled Tuesday Blitz May 30 Late 2023"]
[White "sebastianmarinp"]
[Black "Jarovinsky, Alexey"]
[BlackFideId "14115131"]
[WhiteElo "2403"]
[BlackElo "2446"]
[Result "0-1"]
[Round "04"]
[TimeControl "180+2"]
[Date "2023.05.31"]
[WhiteClock "0:00:13"]
[BlackClock "0:00:26"]

1. e4 Nc6 2. Nf3 d6 3. d4 Nf6 4. Nc3 a6 5. h3 g6 6. a4 Bg7 7. Be2 O-O 8. d5 Ne5 9. Nxe5 dxe5 10. O-O e6 11. Bg5 h6 12. Bxf6 Qxf6 13. Bc4 exd5 14. Nxd5 Qd8 15. a5 Be6 16. Qe2 Bxd5 17. Bxd5 c6 18. Bc4 Qc7 19. c3 Kh7 20. Rfd1 Rad8 21. b4 h5 22. Qe3 Qe7 23. Qb6 Bh6 24. Bb3 Kg7 25. Rxd8 Rxd8 26. Rd1 Rxd1+ 27. Bxd1 Bd2 28. c4 Bxb4 29. Bc2 Bc5 30. Qb1 Qf6 31. Qe1 Bd4 32. Qe2 Qf4 33. c5 Bxc5 34. Bb3 Bd4 35. Qa2 Qc1+ 36. Kh2 Qe1 37. Bxf7 Bxf2 38. g4 Qg1# 0-1


[Site "https://www.chess.com"]

[Event "Titled Tuesday Blitz May 30 Late 2023"]
[White "Cruz, Jonathan"]
[Black "Ansh M Shah"]
[WhiteFideId "3802124"]
[BlackFideId "25033379"]
[WhiteElo "2407"]
[BlackElo "2084"]
[Result "1-0"]
[Round "04"]
[TimeControl "180+2"]
[Date "2023.05.31"]
[WhiteClock "0:00:08"]
[BlackClock "0:00:01"]

1. Nf3 Nf6 2. g3 e6 3. Bg2 d5 4. O-O Be7 5. d3 O-O 6. Nbd2 c5 7. e4 d4 8. e5 Nd5 9. h4 b5 10. Nb3 Bb7 11. Ng5 h6 12. Ne4 Qc7 13. Qh5 Nd7 14. Re1 Rac8 15. Bxh6 gxh6 16. Qxh6 Qxe5 17. Nexc5 Qf6 18. Qxf6 N7xf6 19. Nxb7 Rc7 20. N7a5 Rxc2 21. Nxd4 Rxb2 22. Reb1 Rxb1+ 23. Rxb1 a6 24. Ndc6 Bc5 25. Nb3 Bb6 26. Rc1 Ng4 27. Bxd5 exd5 28. Ne7+ Kg7 29. Rc2 Rd8 30. d4 Rd7 31. Nf5+ Kf6 32. Ne3 Nxe3 33. fxe3 Kf5 34. Kf2 Kg4 35. Kg2 a5 36. Nc1 b4 37. Nd3 f6 38. Rf2 Rd6 39. Nf4 Rc6 40. Nxd5 1-0


[Site "https://www.chess.com"]

[Event "Titled Tuesday Blitz May 30 Late 2023"]
[White "Tanenbaum, Zachary"]
[Black "ThaBarWa"]
[WhiteFideId "2060850"]
[WhiteElo "2175"]
[BlackElo "2397"]
[Result "1-0"]
[Round "04"]
[TimeControl "180+2"]
[Date "2023.05.31"]
[WhiteClock "0:00:06"]
[BlackClock "0:00:07"]

1. e4 e6 2. d4 d5 3. Nc3 Nf6 4. Bg5 Bb4 5. e5 h6 6. Bd2 Bxc3 7. bxc3 Ne4 8. Qg4 Kf8 9. Bd3 Nxd2 10. Kxd2 c5 11. h4 Nc6 12. Nf3 Qa5 13. Qf4 Bd7 14. Rhb1 b6 15. h5 Rc8 16. Rb5 Qa3 17. dxc5 Na5 18. Bg6 Be8 19. cxb6 Qxc3+ 20. Kc1 Qxa1+ 21. Rb1 Qxa2 22. bxa7 Nb3+ 23. Rxb3 Qxb3 24. a8=Q Qc3 25. Qa7 Rc7 26. Qb8 Qa1+ 27. Qb1 Qa3+ 28. Qb2 Qc5 29. Qbb4 Kg8 30. Qxc5 Rxc5 31. Bd3 Bb5 32. Bxb5 Rxb5 33. Nd4 Rb4 34. Qe3 Rc4 35. Qd3 Kf8 36. Qa3+ Kg8 37. Qd3 Kf8 38. f4 Ke7 39. Qa3+ Kd7 40. Qa7+ Kd8 41. Qa8+ Rc8 42. Qb7 Rc7 43. Qb8+ Rc8 44. Nc6+ Kd7 45. Qd6+ Ke8 46. Qe7# 1-0


[Site "https://www.chess.com"]

[Event "Titled Tuesday Blitz May 30 Late 2023"]
[White "Carrasco Miranda, Andres"]
[Black "egorchess95"]
[WhiteFideId "3405990"]
[WhiteElo "2183"]
[BlackElo "2668"]
[Result "0-1"]
[Round "04"]
[TimeControl "180+2"]
[Date "2023.05.31"]
[WhiteClock "0:00:04"]
[BlackClock "0:00:09"]

1. d4 Nf6 2. c4 e5 3. dxe5 Ng4 4. Nf3 Bc5 5. e3 Nc6 6. Nc3 O-O 7. Be2 Re8 8. O-O Ngxe5 9. Nxe5 Nxe5 10. f4 Ng6 11. f5 Nf8 12. f6 g6 13. Kh1 Ne6 14. e4 Bd4 15. Nd5 c6 16. Be3 Bxb2 17. Rb1 Be5 18. Ne7+ Rxe7 19. fxe7 Qxe7 20. Qe1 d6 21. Qf2 b6 22. Bc1 Bd4 23. Qg3 Nc5 24. Bf3 Nxe4 25. Bxe4 Qxe4 26. Bb2 Bxb2 27. Rxb2 Qxc4 28. Rbf2 Be6 29. Qxd6 a5 30. Qc7 b5 31. Rf4 Qxa2 32. Qxc6 Rb8 33. Qc7 Rf8 34. R4f2 Qa3 35. Rf3 Qb2 36. Qxa5 b4 37. R3f2 Qc3 38. Rf3 Qd2 39. R3f2 Qd6 40. Rb2 b3 41. Rfb1 Rd8 42. h3 Rc8 43. Kg1 Qd4+ 44. Kh1 Rc2 45. Qa3 Rc8 46. Rxb3 Bxb3 47. Qxb3 Qf6 48. Kg1 Qd4+ 49. Kh1 Re8 50. Rf1 Qd7 51. Qf3 Re6 52. Kg1 Kg7 53. Qc3+ Kg8 54. Qf3 Rd6 55. Qa8+ Kg7 56. Qa1+ Kg8 57. Qa8+ Qd8 58. Qxd8+ Rxd8 59. Kh2 Kg7 60. h4 h5 61. Kg3 Rd3+ 62. Kh2 Rd4 63. Kh3 f6 64. Ra1 Rd7 65. Ra6 Kf7 66. g3 Re7 67. Rb6 Re6 68. Rb7+ Re7 69. Rb6 Rd7 70. Ra6 Ke7 71. Rb6 Rd6 72. Rb7+ Ke6 73. Rg7 Kf5 74. Ra7 Rd5 75. Ra6 Rc5 76. Rb6 Rc3 77. Rb5+ Ke6 78. Rb6+ Ke5 79. Rb5+ Kd6 80. Rb6+ Rc6 81. Rb5 Ra6 82. Rb7 Ke6 83. Rb5 f5 84. Rb8 Ra3 85. Kg2 Ra2+ 86. Kh3 Ke5 87. Rb5+ Ke4 88. Rb4+ Kf3 89. Rb3+ Kf2 90. Rb6 Ra1 91. Rb2+ Kf3 92. Rb3+ Ke4 93. Rb6 f4 94. Rxg6 f3 95. Re6+ Kf5 96. Re8 Rh1# 0-1


[Site "https://www.chess.com"]

[Event "Titled Tuesday Blitz May 30 Late 2023"]
[White "Gasparyan, David"]
[Black "Castaneda, Jhon David"]
[WhiteFideId "13311980"]
[BlackFideId "4405048"]
[WhiteElo "2394"]
[BlackElo "2086"]
[Result "1-0"]
[Round "04"]
[TimeControl "180+2"]
[Date "2023.05.31"]
[WhiteClock "0:00:36"]
[BlackClock "0:00:47"]

1. Nf3 d5 2. g3 Nf6 3. Bg2 Bf5 4. O-O e6 5. d3 Be7 6. Qe1 O-O 7. Nc3 c6 8. e4 Bg4 9. Ne5 Bh5 10. h3 Nbd7 11. Nxd7 Nxd7 12. g4 Bg6 13. f4 f6 14. f5 Bc5+ 15. Kh1 exf5 16. gxf5 Bf7 17. exd5 Re8 18. Qg3 Ne5 19. Bh6 Bf8 20. dxc6 Nxc6 21. Ne4 Kh8 22. Bf4 Qb6 23. b3 Nd4 24. Be3 Qd8 25. Rf2 Rc8 26. c3 Nc6 27. Bf4 Qa5 28. Raf1 Qxf5 29. Bg5 Qe5 30. Qxe5 Nxe5 31. Nxf6 Nxd3 32. Nxe8 Nxf2+ 33. Rxf2 Kg8 34. Nf6+ gxf6 35. Bxf6 b5 36. Bd4 a5 37. Rf5 b4 38. Rg5+ Bg6 39. Bd5# 1-0


[Site "https://www.chess.com"]

[Event "Titled Tuesday Blitz May 30 Late 2023"]
[White "Urbina Perez, Juan Antonio"]
[Black "Iskusnyh, Sergei"]
[WhiteFideId "2217368"]
[BlackFideId "4120027"]
[WhiteElo "2197"]
[BlackElo "2492"]
[Result "0-1"]
[Round "04"]
[TimeControl "180+2"]
[Date "2023.05.31"]
[WhiteClock "0:01:01"]
[BlackClock "0:01:00"]

1. d4 Nf6 2. Nf3 d6 3. g3 Nbd7 4. Bg2 e5 5. O-O c6 6. dxe5 dxe5 7. Re1 Be7 8. e4 O-O 9. h3 Qc7 10. Qe2 Nc5 11. Nc3 b5 12. a3 a5 13. Bg5 Ba6 14. Qe3 Ne6 15. Bxf6 Bxf6 16. b4 axb4 17. axb4 Bb7 18. Ne2 c5 19. bxc5 Qxc5 20. Qxc5 Nxc5 21. Nc3 Rxa1 22. Rxa1 b4 23. Nd5 Bxd5 24. exd5 e4 25. Ra5 exf3 26. Bf1 Bd4 27. d6 Ne4 28. d7 Bxf2+ 29. Kh2 Bxg3+ 30. Kg1 Rd8 31. Bb5 g6 32. Ra6 Kg7 33. Ra4 Bd6 34. Ra6 Bc5+ 35. Kh2 f5 36. Re6 g5 37. Re8 Bd6+ 38. Kg1 Bc7 39. Bc6 Nf6 40. Re7+ Kg6 41. Bxf3 Rxd7 42. Rxd7 Nxd7 0-1


[Site "https://www.chess.com"]

[Event "Titled Tuesday Blitz May 30 Late 2023"]
[White "brm72"]
[Black "Zenin, Dmitry"]
[BlackFideId "4127897"]
[WhiteElo "2586"]
[BlackElo "2215"]
[Result "1-0"]
[Round "04"]
[TimeControl "180+2"]
[Date "2023.05.31"]
[WhiteClock "0:01:12"]
[BlackClock "0:00:01"]

1. e4 e5 2. Nf3 Nc6 3. d4 exd4 4. Nxd4 Bc5 5. Nb3 Bb6 6. Qe2 Nge7 7. Nc3 O-O 8. Be3 f5 9. O-O-O d6 10. exf5 Nxf5 11. Bxb6 axb6 12. Qd2 Be6 13. f4 Qh4 14. Kb1 Rae8 15. Bd3 Kh8 16. g3 Qh3 17. Bf1 Qg4 18. Be2 Qh3 19. Bf3 Bc8 20. Ne4 Qh6 21. Ng5 Qf6 22. Rhe1 h6 23. Ne4 Qd8 24. Nc3 Qf6 25. Nd5 Qd8 26. Bh5 Rxe1 27. Rxe1 Nce7 28. Bf3 Nxd5 29. Qxd5 c6 30. Qd3 Re8 31. Re2 Rxe2 32. Bxe2 Qe7 33. Bg4 Qf6 34. a4 Be6 35. Qe4 Kg8 36. Nd2 Kf7 37. Bh5+ Ke7 38. Nf3 Kd7 39. Bg4 Ne7 40. Bxe6+ Qxe6 41. Qd3 Qd5 42. Qe2 Nf5 43. Nd2 Nd4 44. Qd3 Qh1+ 45. Ka2 Qd5+ 46. b3 1-0


[Site "https://www.chess.com"]

[Event "Titled Tuesday Blitz May 30 Late 2023"]
[White "Lalanne, Pablo"]
[Black "Kavutskiy, Konstantin"]
[WhiteFideId "112151"]
[BlackFideId "2026384"]
[WhiteElo "2120"]
[BlackElo "2323"]
[Result "1-0"]
[Round "04"]
[TimeControl "180+2"]
[Date "2023.05.31"]
[WhiteClock "0:01:20"]
[BlackClock "0:00:07"]

1. e4 c5 2. Nf3 Nc6 3. d4 cxd4 4. Nxd4 Nf6 5. Nc3 e5 6. Ndb5 d6 7. Bg5 a6 8. Na3 b5 9. Bxf6 gxf6 10. Nd5 Bg7 11. c3 Ne7 12. Nxe7 Qxe7 13. Nc2 f5 14. exf5 O-O 15. Ne3 Bh6 16. Nd5 Qh4 17. f6 Kh8 18. Be2 Bb7 19. O-O Rg8 20. g3 Bf4 21. Bf3 e4 22. Bg2 Bxg3 23. fxg3 Qg5 24. Nf4 Qxf6 25. Qd4 Qxd4+ 26. cxd4 Rac8 27. Rac1 b4 28. d5 f5 29. Bh3 Rgf8 30. Rxc8 Rxc8 31. Bxf5 Rc2 32. Bxe4 Rxb2 33. Rf2 1-0


[Site "https://www.chess.com"]

[Event "Titled Tuesday Blitz May 30 Late 2023"]
[White "Fiorito, Francisco"]
[Black "Gerbelli Neto, Eduardo"]
[WhiteFideId "180165"]
[BlackFideId "2103281"]
[WhiteElo "2341"]
[BlackElo "2178"]
[Result "1-0"]
[Round "04"]
[TimeControl "180+2"]
[Date "2023.05.31"]
[WhiteClock "0:00:32"]
[BlackClock "0:00:11"]

1. d4 d5 2. Nf3 Nf6 3. c4 c6 4. cxd5 cxd5 5. Bf4 Nc6 6. e3 e6 7. Nc3 Be7 8. Rc1 O-O 9. Bd3 a6 10. O-O Bd7 11. Na4 Ne4 12. Bxe4 dxe4 13. Nd2 f5 14. Nc5 Bxc5 15. Rxc5 b5 16. h3 Nb4 17. Qb3 Nd5 18. Be5 Rc8 19. Rfc1 Qe7 20. Qa3 Rxc5 21. Qxc5 Qxc5 22. Rxc5 Rc8 23. Nb3 Rxc5 24. Nxc5 Bc8 25. a3 Kf7 26. Kf1 g6 27. Ke2 Ke7 28. Kd2 a5 29. Nb3 a4 30. Nc5 Bd7 31. f3 exf3 32. gxf3 Nb6 33. Nd3 Nc4+ 34. Ke2 Bc6 35. Bb8 Bd5 36. Ba7 Kf6 37. Bc5 g5 38. Bb4 h5 39. Bc3 g4 40. hxg4 fxg4 41. e4 gxf3+ 42. Kxf3 Bb7 43. Nc5 Bc8 44. Kg3 Kg5 45. d5 exd5 46. exd5 Kf5 47. Kh4 Kg6 48. Bd4 Bg4 49. Ne4 Kf7 50. Kg5 Ke7 51. Nf6 Be2 52. Ne4 Kd7 53. Bc3 Bf3 54. Nf6+ Kd6 55. Kf4 Bxd5 56. Nxh5 Kc6 57. Ng3 Nd6 58. Ne2 Bc4 59. Nd4+ Kd5 60. Ke3 Ne4 61. Bb4 Nc5 62. Nf5 Nd3 63. Bc3 Ke6 64. Nd4+ Kd5 65. Nc2 Nc5 66. Nb4+ Kd6 67. Kd4 Nb3+ 68. Ke4 Ke6 69. Nc2 Kd6 70. Ne3 Nc5+ 71. Kd4 Be2 72. Bb4 Kc6 73. Bxc5 1-0


[Site "https://www.chess.com"]

[Event "Titled Tuesday Blitz May 30 Late 2023"]
[White "K2JW"]
[Black "Odegov, Artem"]
[BlackFideId "34183644"]
[WhiteElo "2365"]
[BlackElo "2300"]
[Result "1/2-1/2"]
[Round "04"]
[TimeControl "180+2"]
[Date "2023.05.31"]
[WhiteClock "0:00:02"]
[BlackClock "0:00:02"]

1. d4 c5 2. d5 Nf6 3. c4 e5 4. Nc3 d6 5. e4 Be7 6. Be2 O-O 7. Be3 Nbd7 8. g4 a6 9. g5 Ne8 10. h4 b5 11. cxb5 axb5 12. Bxb5 Rb8 13. Nge2 Qa5 14. a4 Nc7 15. Ng3 Nb6 16. O-O f6 17. Qh5 g6 18. Qh6 Rf7 19. gxf6 Bxf6 20. h5 Bg7 21. Qg5 h6 22. Qd8+ Kh7 23. hxg6+ Kxg6 24. Qxd6+ Kh7 25. Nh5 Bh3 26. Nxg7 Rxg7+ 27. Kh2 Bxf1 28. Rxf1 Nc8 29. Qxh6+ Kg8 30. Rg1 Rxg1 31. Kxg1 Qb6 32. Qg5+ Kf7 33. Qxe5 Nd6 34. Bg5 Ndxb5 35. Qe7+ Kg6 36. axb5 Re8 37. Qd7 Kxg5 38. Qf5+ Kh6 39. Qh3+ Kg7 40. Kf1 c4 41. Qg3+ Kf7 42. Qf4+ Kg8 43. Qg3+ Kf8 44. Qf4+ Ke7 45. e5 Kd8 46. e6 Nxb5 47. Qf7 Qc7 48. Nxb5 Qxf7 49. exf7 Rf8 50. Nd6 Ke7 51. Nxc4 Kxf7 52. Ke2 Ke7 53. Kd3 Rxf2 54. Kc3 Kd7 55. Kd4 Rh2 56. Kc5 Rh1 57. b4 Rc1 58. b5 Kc7 59. b6+ Kb7 60. d6 Rd1 61. Ne5 Rc1+ 62. Nc4 Rd1 63. Kb5 Rd5+ 64. Kb4 Kc6 65. d7 Kxd7 66. Kc3 Kc6 67. Kb4 Rh5 68. Kb3 Kb7 69. Kb4 Rh4 70. Kb3 Rh5 71. Kb4 Kc6 72. Kb3 Rh4 73. Kb4 Rf4 74. Kb3 Kc5 75. b7 Rf3+ 76. Ka4 Rf8 77. Ne5 Rf4+ 78. Ka5 Rb4 79. Nd7+ Kc6 80. Kxb4 Kxb7 1/2-1/2


[Site "https://www.chess.com"]

[Event "Titled Tuesday Blitz May 30 Late 2023"]
[White "Fernandez Siles, Luis"]
[Black "Pinheiro, Iung Alicio de O."]
[WhiteFideId "2209420"]
[BlackFideId "2104350"]
[WhiteElo "2195"]
[BlackElo "2283"]
[Result "1/2-1/2"]
[Round "04"]
[TimeControl "180+2"]
[Date "2023.05.31"]
[WhiteClock "0:00:09"]
[BlackClock "0:00:06"]

1. d4 Nf6 2. c4 Nc6 3. Nf3 e6 4. Nc3 Bb4 5. Qc2 d6 6. a3 Bxc3+ 7. Qxc3 Qe7 8. g3 a5 9. Bg2 e5 10. dxe5 dxe5 11. O-O h6 12. b3 O-O 13. Bb2 Re8 14. Rfd1 Bf5 15. Nd2 Rad8 16. Nf1 Be4 17. Ne3 Nd4 18. Rd2 c6 19. Ng4 Bxg2 20. Nxf6+ Qxf6 21. Kxg2 Qf5 22. Rad1 Qe4+ 23. f3 Qf5 24. Qd3 Qf6 25. Bxd4 exd4 26. e4 c5 27. f4 Re7 28. a4 Rde8 29. Re2 Qc6 30. Rde1 f5 31. Kf3 b6 32. Qc2 g5 33. fxg5 hxg5 34. g4 fxg4+ 35. Kxg4 Qe6+ 36. Kg3 Qe5+ 37. Kg2 Rh7 38. h3 Rh4 39. Qd3 Rf8 40. Qg3 Rhf4 41. Rf1 Kg7 42. Rxf4 Rxf4 43. h4 Kg6 44. Qxg5+ Qxg5+ 45. hxg5 Kxg5 46. e5 Rf8 47. e6 Re8 48. e7 Kf6 49. Kf3 Rxe7 50. Rh2 Re3+ 51. Kf4 Rxb3 52. Rh6+ Kg7 53. Rd6 Kf7 54. Ke5 Rb4 55. Kd5 Ke7 56. Re6+ Kd7 57. Rh6 Kc7 58. Rh7+ Kb8 59. Kc6 Ka8 60. Rh8+ Ka7 61. Rh7+ Kb8 62. Rh8+ Ka7 63. Rh7+ Ka6 64. Rh8 Ka7 1/2-1/2


[Site "https://www.chess.com"]

[Event "Titled Tuesday Blitz May 30 Late 2023"]
[White "gao6969"]
[Black "Novik, Maxim"]
[BlackFideId "4102924"]
[WhiteElo "2363"]
[BlackElo "2287"]
[Result "1/2-1/2"]
[Round "04"]
[TimeControl "180+2"]
[Date "2023.05.31"]
[WhiteClock "0:00:07"]
[BlackClock "0:00:04"]

1. e4 c6 2. Nf3 d5 3. exd5 cxd5 4. Ne5 Nc6 5. d4 Nf6 6. Bb5 Bd7 7. Nxd7 Qxd7 8. c3 e6 9. O-O Bd6 10. Nd2 O-O 11. Bd3 e5 12. dxe5 Nxe5 13. Nf3 Nxd3 14. Qxd3 Rfe8 15. Be3 h6 16. Rad1 a6 17. Nd4 Rad8 18. Nf5 Be5 19. Bd4 Bxd4 20. Nxd4 Ne4 21. Nf3 Qf5 22. Nd2 Qg6 23. Nxe4 dxe4 24. Qxd8 Rxd8 25. Rxd8+ Kh7 26. Re1 Qe6 27. b3 f5 28. c4 h5 29. Rb8 Qd7 30. Rf8 h4 31. h3 Kg6 32. Rb8 Kg5 33. Rg8 g6 34. c5 Qd2 35. Rf1 Qxa2 36. Rb8 Qc2 37. b4 e3 38. fxe3 Qe4 39. Rf3 Qxb4 40. c6 Qd6 41. Rxb7 Qxc6 42. Rb4 a5 43. Rd4 a4 44. Rff4 a3 45. Rc4 Qf6 46. Ra4 Qb2 47. Rf1 a2 48. Kh1 Qb5 49. Raf4 Qb6 50. Ra4 Qb5 51. Raf4 Qd3 52. Ra1 Qxe3 53. Ra4 Qe5 54. R1xa2 Qe1+ 55. Kh2 Qe5+ 56. Kg1 Kh5 57. Rf2 g5 58. Raa2 g4 59. Rae2 Qa1+ 60. Rf1 Qd4+ 61. Kh1 Kg5 62. Ref2 Qe4 63. Rxf5+ Qxf5 64. Rxf5+ Kxf5 65. hxg4+ Kxg4 66. Kh2 Kf4 67. Kg1 Kg3 68. Kh1 h3 69. gxh3 Kxh3 1/2-1/2


[Site "https://www.chess.com"]

[Event "Titled Tuesday Blitz May 30 Late 2023"]
[White "Do Nascimento,Christian Almeida"]
[Black "Torres Hernandez, Leslie Carolin"]
[WhiteFideId "2143801"]
[BlackFideId "8400504"]
[WhiteElo "2118"]
[BlackElo "1920"]
[Result "1-0"]
[Round "04"]
[TimeControl "180+2"]
[Date "2023.05.31"]
[WhiteClock "0:01:20"]
[BlackClock "0:00:02"]

1. c4 e5 2. g3 Nf6 3. Bg2 Nc6 4. d3 Bc5 5. Nf3 d6 6. O-O O-O 7. Nc3 a6 8. a3 h6 9. b4 Bb6 10. Bb2 Be6 11. Nd2 Qd7 12. Nd5 Bxd5 13. cxd5 Ne7 14. Qb3 c6 15. dxc6 bxc6 16. Rac1 Rac8 17. Nc4 Bc7 18. Qa4 Ned5 19. Ne3 Nxe3 20. fxe3 Bb6 21. d4 exd4 22. Qxa6 Qa7 23. Qxa7 Bxa7 24. Bxd4 Bxd4 25. exd4 d5 26. Rc3 Rfe8 27. Bf3 g5 28. h3 h5 29. g4 hxg4 30. hxg4 Re6 31. Rfc1 Kg7 32. b5 c5 33. Rxc5 Rxc5 34. dxc5 Re3 35. c6 Ne8 36. c7 1-0


[Site "https://www.chess.com"]

[Event "Titled Tuesday Blitz May 30 Late 2023"]
[White "Kovacs, Klara"]
[Black "SergioMoralesG"]
[WhiteFideId "733210"]
[WhiteElo "2179"]
[BlackElo "2524"]
[Result "0-1"]
[Round "04"]
[TimeControl "180+2"]
[Date "2023.05.31"]
[WhiteClock "0:01:45"]
[BlackClock "0:01:55"]

1. Nf3 d5 2. g3 Bg4 3. Bg2 Nd7 4. d4 Ngf6 5. O-O e6 6. c3 h6 7. b4 a5 8. a3 axb4 9. cxb4 Bxb4 10. Ne5 Bd6 11. Bb2 Bf5 12. Nd2 O-O 13. f3 c5 14. e3 cxd4 15. exd4 Qb6 16. Nb3 Nxe5 0-1


[Site "https://www.chess.com"]